 Dungeon Crawl Stone Soup version 0.29.0-4-gdea44cf6ec (webtiles) character file.

Game seed: 9795717089662666521

8563 qw the Blocker (level 11, -2/100 HPs)
             Began as a Troll Cinder Acolyte on Aug 31, 2022.
             Was an Initiate of Okawaru.
             Slain by a death yak (7 damage)
             ... led by a torpor snail
             ... on level 2 of the Lair of Beasts.
             The game lasted 00:05:23 (9185 turns).

qw the Blocker (Troll Cinder Acolyte)               Turns: 9185, Time: 00:05:24

Health: -2/100     AC:  8    Str: 26    XL:     11   Next: 11%
Magic:  11/11      EV:  7    Int: 10    God:    Okawaru [......]
Gold:   478        SH: 14    Dex:  5    Spells: 12/12 levels left

rFire   . . .      SeeInvis .     - Unarmed
rCold   + . .      Faith    .   f - +0 tower shield
rNeg    . . .      Spirit   .   m - +0 acid dragon scales
rPois   .          Reflect  .   (helmet restricted)
rElec   .          Harm     .   (no cloak)
rCorr   +          Rampage  .   (gloves unavailable)
Will    +....                   (boots unavailable)
Stlth   ..........              (no amulet)
HPRegen 1.06/turn               j - ring of willpower
MPRegen 0.12/turn               o - ring of protection from cold

@: about to teleport, slowed, fire susceptible, very slow
A: large, unfitting armour, claws 3, regeneration 1, shaggy fur 1, tough skin 1,
mutation resistance 1, weak 1
a: Renounce Religion


You were on level 2 of the Lair of Beasts.
You worshipped Okawaru.
Okawaru was noncommittal.
You visited 2 branches of the dungeon, and saw 10 of its levels.
You also visited: Ossuary.

You collected 632 gold pieces.
You spent 154 gold pieces at shops.


Innate Abilities, Weirdness & Mutations

You are too large for most types of armour.
You have claws for hands.
Your natural rate of healing is unusually fast.
You are covered in fur. (AC +1)
You have tough skin. (AC +1)
You are somewhat resistant to further mutation.
You are weak. (Str -2)


   Skills:
 - Level 4.0 Fighting
 - Level 1.9 Armour
 - Level 2.1 Dodging
 + Level 11.8 Shields
 - Level 10.6 Unarmed Combat
 - Level 1.0 Spellcasting
 - Level 2.1 Fire Magic


You had 12 spell levels left.
You didn't know any spells.
Your spell library contained the following spells:

 Spells                   Type           Power      Damage    Failure   Level
 Scorch                   Fire           8%         2d5       67%         2

Inventory:

Armour
 f - a +0 tower shield (worn)
 m - +0 acid dragon scales (worn)
Jewellery
 j - a ring of willpower (left claw)
 o - a ring of protection from cold (right claw)
Scrolls
 l - a scroll of identify
Potions
 a - a potion of berserk rage {unknown}
 b - 3 potions of might
 c - a potion of lignification {unknown}
 d - a potion of heal wounds
 e - 5 potions of curing
 g - 2 potions of resistance
 h - 3 potions of mutation
 i - 2 potions of cancellation
 k - a potion of haste {unknown}
 p - a potion of degeneration {unknown}

Dungeon Overview and Level Annotations

Branches:
Dungeon (8/15)             Temple (0/1) D:4            Lair (2/5) D:8
Ossuary (visited)
  Swamp: Lair:2-3    Shoals: Lair:2-3     Snake: Lair:2-3    Spider: Lair:2-3

Altars:
Ashenzari
Elyvilon
Gozag
Makhleb
Okawaru
Qazlal
Ru
Sif Muna
Uskayaw

Shops:
D:3 !=(   D:6 *   D:7 =

Annotations:
D:7 1 runed translucent door, Crazy Yiuf


Message History

The yak bellows!
You hear a bellow!
The wyvern bites you!
You hear a bellow! x2
You scratch the wyvern.
The wyvern is lightly wounded.
You block the wyvern's attack. The wyvern closely misses you.
You claw the wyvern!
The wyvern is heavily wounded.
The wyvern bites you.
You closely miss the wyvern.
The wyvern is heavily wounded.
The wyvern bites you. You block the wyvern's attack.
You claw the wyvern!
The wyvern is severely wounded.
You block the wyvern's attack.
A yak comes into view.
9181 ||| Stepping ~*~*~tactically~*~*~ (outnumbered).
A torpor snail and 2 yaks come into view.
The yak bellows! x2
You block the death yak's attack.
A torpor snail comes into view.
Being near the torpor snail leaves you feeling lethargic.
The yak moves out of view.
You see here a yak corpse.
You scratch the death yak.
The death yak is lightly wounded.
The death yak gores you! The yak closely misses you.
The death yak barely misses you. The yak gores you!
You claw the death yak!
The death yak is lightly wounded.
The yak gores you! The death yak gores you!
You claw the death yak!
The death yak is heavily wounded.
You block the death yak's attack. You block the yak's attack.
The death yak gores you!! The yak barely misses you.
9185 ||| READING scroll of teleportation.
As you read the scroll of teleportation, it crumbles to dust.
You feel strangely unstable. You block the yak's attack.
The death yak gores you!
You die...

Y.8.. ## ...#
#. P ...# #P...
...##.......
....#.......#
#Yw...$...^.#.
#YY.##)......#
##YY.........#
#@#.........# #
##YY..###.. #
##....#.## #
##.<....# ###
#...#..# #..
##.##..# ##.
####..## ##
#..}# ###.
.####...####.##


You could see a death yak, a torpor snail and 6 yaks.

Vanquished Creatures
  A hydra (Lair:1)
  A boulder beetle (Lair:1)
  Pikel (D:6)
  3 black mambas
  A cane toad (Lair:2)
  Maggie (D:7)
  A rime drake (Lair:2)
  A basilisk (Lair:1)
  3 fire bats (Lair:2)
  6 yaks
  2 wyverns (D:8)
  Menkaure (Ossuary)
  An acid dragon (D:8)
  A water moccasin (D:6)
  2 sky beasts
  An ice beast (D:6)
  2 black bears
  9 wolves
  2 centaurs
  4 ogres
  A phantom (D:6)
  A lemure (D:6)
  5 scorpions
  7 bullfrogs
  A necrophage (D:6)
  A gnoll sergeant (D:6)
  A howler monkey (D:6)
  3 jellies
  A hound (D:4)
  An orc priest (D:4)
  2 orc wizards
  An iguana (D:7)
  3 mummies (Ossuary)
  9 gnolls
  6 adders
  A shadow imp (D:7)
  An ufetubus (D:5)
  2 worms
  4 dart slugs
  21 orcs
  5 ball pythons
  6 bats
  3 endoplasms
  4 giant cockroaches
  4 gnoll zombies (Ossuary)
  6 hobgoblins
  6 jackals
  6 kobolds
  4 quokkas
  4 frilled lizards
  3 gnoll skeletons (Ossuary)
  4 goblins
  4 goblin skeletons (Ossuary)
  2 goblin zombies (Ossuary)
  3 hobgoblin skeletons (Ossuary)
  4 hobgoblin zombies (Ossuary)
  6 kobold skeletons (Ossuary)
  4 kobold zombies (Ossuary)
  5 orc skeletons (Ossuary)
  7 orc zombies (Ossuary)
  4 rats
  4 rat skeletons (Ossuary)
  4 rat zombies (Ossuary)
218 creatures vanquished.

Vanquished Creatures (others)
  A fungus (D:8)
1 creature vanquished.

Grand Total: 219 creatures vanquished

Notes
Turn   | Place    | Note
-------+----------+-------------------------------------------
     0 | D:1      | qw the Troll Cinder Acolyte began the quest for the Orb.
     0 | D:1      | Reached XP level 1. HP: 22/22 MP: 1/1
     0 | D:1      | 0 ||| qw: Version: 0.1-a-97-g2dd2ca4
     0 | D:1      | 0 ||| qw: Game counter: 4597
     0 | D:1      | 0 ||| qw: Always use a shield: true
     0 | D:1      | 0 ||| qw: God list: Okawaru
     0 | D:1      | 0 ||| qw: Allow faded altars: false
     0 | D:1      | 0 ||| qw: Do Orc after D:15 true
     0 | D:1      | 0 ||| qw: Do second Lair branch before Depths: true
     0 | D:1      | 0 ||| qw: Lair rune preference: random
     0 | D:1      | 0 ||| qw: Plans: Normal
     0 | D:1      | 0 ||| PLANNING D:1-11
   105 | D:1      | 105 ||| Stepping ~*~*~tactically~*~*~ (outnumbered).
   150 | D:1      | Reached XP level 2. HP: 29/29 MP: 2/2
   157 | D:1      | 157 ||| Stepping ~*~*~tactically~*~*~ (stealth).
   473 | D:1      | 473 ||| READING 2 scrolls labelled FAEMMI BIVES.
   474 | D:1      | 474 ||| READING scroll labelled HEPTOXISME.
   475 | D:1      | 475 ||| DROPPING scroll of noise.
   540 | D:2      | 540 ||| Stepping ~*~*~tactically~*~*~ (stealth).
   541 | D:2      | 541 ||| Stepping ~*~*~tactically~*~*~ (stealth).
   687 | D:2      | 687 ||| INVOKING Fiery Armour.
   693 | D:2      | Reached XP level 3. HP: 32/36 MP: 3/3
   693 | D:2      | 693 ||| FLEEEEING.
   700 | D:2      | 700 ||| Stepping ~*~*~tactically~*~*~ (outnumbered).
  1081 | D:2      | 1081 ||| UPGRADING to +0 tower shield.
  1114 | D:3      | 1114 ||| STAIRDANCE
  1121 | D:3      | 1121 ||| STAIRDANCE
  1130 | D:3      | 1130 ||| STAIRDANCE
  1137 | D:2      | Reached XP level 4. HP: 41/44 MP: 4/4
  1142 | D:3      | 1142 ||| STAIRDANCE
  1156 | D:3      | 1156 ||| STAIRDANCE
  1203 | D:3      | Found a shimmering blue altar of Sif Muna.
  1203 | D:3      | Found a stormy altar of Qazlal.
  1209 | D:3      | Found an opulent altar of Gozag.
  1210 | D:3      | Found a burning altar of Makhleb.
  1212 | D:3      | Found a sacrificial altar of Ru.
  1213 | D:3      | Found a hide-covered altar of Uskayaw.
  1215 | D:3      | Found an iron altar of Okawaru.
  1219 | D:3      | Found a white marble altar of Elyvilon.
  1254 | D:3      | Reached skill level 1 in Shields
  1256 | D:3      | Found Meatt's Antique Weapon Emporium.
  1282 | D:3      | Found a faded altar of an unknown god.
  1293 | D:3      | 1293 ||| Stepping ~*~*~tactically~*~*~ (hiding).
  1452 | D:3      | Found Ivireos's Distillery.
  1462 | D:3      | 1462 ||| BUYING potion of cancellation (112 gold).
  1462 | D:3      | Bought a potion of cancellation for 112 gold pieces
  1462 | D:3      | 1462 ||| BUYING potion of curing (42 gold).
  1462 | D:3      | Bought a potion of curing for 42 gold pieces
  1462 | D:3      | 1462 ||| SHOPLISTING potion of curing (42 gold, have 38).
  1462 | D:3      | 1462 ||| SHOPLISTING potion of heal wounds (70 gold, have
                  | 38).
  1606 | D:3      | Found Dusaoh's Jewellery Emporium.
  1609 | D:3      | 1609 ||| SHOPLISTING +6 ring of dexterity (396 gold, have
                  | 38).
  1609 | D:3      | 1609 ||| SHOPLISTING +6 ring of strength (396 gold, have
                  | 38).
  1609 | D:3      | 1609 ||| SHOPLISTING amulet of regeneration (330 gold, have
                  | 38).
  1609 | D:3      | 1609 ||| SHOPLISTING ring of positive energy (220 gold,
                  | have 38).
  1609 | D:3      | 1609 ||| SHOPLISTING ring of see invisible (165 gold, have
                  | 38).
  1609 | D:3      | 1609 ||| SHOPLISTING ring of willpower (275 gold, have 38).
  1691 | D:3      | Identified the +2 leather armour of Axyzim {Drain rElec
                  | rPois Dex-5}
  1699 | D:3      | 1699 ||| READING scroll labelled INKITUAWAGUK.
  1700 | D:3      | 1700 ||| DRINKING 2 blue potions.
  1701 | D:3      | 1701 ||| DROPPING potion of flight.
  1702 | D:3      | 1702 ||| DROPPING scroll of immolation.
  1703 | D:3      | 1703 ||| Stepping randomly (stuck).
  1704 | D:3      | 1704 ||| Stepping ~*~*~tactically~*~*~ (cloud).
  1747 | D:4      | 1747 ||| Stepping ~*~*~tactically~*~*~ (stealth).
  1807 | D:4      | 1807 ||| INVOKING Fiery Armour.
  1809 | D:4      | Reached skill level 2 in Shields
  1811 | D:4      | 1811 ||| Stepping ~*~*~tactically~*~*~ (stealth).
  1871 | D:4      | Noticed an ogre
  1872 | D:4      | 1872 ||| Stepping ~*~*~tactically~*~*~ (stealth).
  1881 | D:4      | Killed an ogre
  1882 | D:4      | Reached skill level 3 in Shields
  1882 | D:4      | Reached XP level 5. HP: 15/50 MP: 5/5
  1936 | D:4      | 1936 ||| Stepping ~*~*~tactically~*~*~ (stealth).
  2194 | D:4      | Reached skill level 4 in Shields
  2252 | D:4      | 2252 ||| FLEEEEING.
  2253 | D:4      | 2253 ||| FLEEEEING.
  2254 | D:4      | 2254 ||| FLEEEEING.
  2255 | D:4      | 2255 ||| FLEEEEING.
  2269 | D:4      | Reached XP level 6. HP: 59/59 MP: 6/6
  2325 | D:4      | 2325 ||| Stepping ~*~*~tactically~*~*~ (outnumbered).
  2495 | D:4      | Found a staircase to the Ecumenical Temple.
  2723 | D:4      | 2723 ||| READING scroll labelled TEUH EJISM.
  2745 | D:5      | Entered Level 5 of the Dungeon
  2790 | D:5      | Reached skill level 5 in Shields
  2929 | D:5      | Reached XP level 7. HP: 49/66 MP: 7/7
  3121 | D:5      | Reached skill level 6 in Shields
  3954 | D:5      | 3954 ||| UPGRADING to ring of willpower.
  3955 | D:5      | 3955 ||| READING scroll labelled DAPISS PEGONN.
  3956 | D:5      | 3956 ||| READING 2 scrolls labelled PAEGGE TUUTUC.
  4052 | D:6      | Reached skill level 7 in Shields
  4097 | D:6      | 4097 ||| INVOKING Fiery Armour.
  4172 | D:6      | Reached XP level 8. HP: 71/74 MP: 8/8
  4209 | D:6      | Found Iwkiut's Serpentskin Sales.
  4241 | D:6      | 4241 ||| SHOPLISTING ring of poison resistance (260 gold,
                  | have 178).
  4331 | D:6      | 4331 ||| INVOKING Fiery Armour.
  4334 | D:6      | Reached skill level 8 in Shields
  4404 | D:6      | 4404 ||| Stepping ~*~*~tactically~*~*~ (outnumbered).
  4405 | D:6      | 4405 ||| Stepping ~*~*~tactically~*~*~ (outnumbered).
  4406 | D:6      | 4406 ||| Stepping ~*~*~tactically~*~*~ (outnumbered).
  4407 | D:6      | 4407 ||| Stepping ~*~*~tactically~*~*~ (outnumbered).
  4409 | D:6      | 4409 ||| Stepping ~*~*~tactically~*~*~ (outnumbered).
  4575 | D:6      | Noticed Pikel
  4578 | D:6      | 4578 ||| INVOKING Fiery Armour.
  4580 | D:6      | 4580 ||| Stepping ~*~*~tactically~*~*~ (outnumbered).
  4581 | D:6      | 4581 ||| Stepping ~*~*~tactically~*~*~ (outnumbered).
  4582 | D:6      | 4582 ||| Stepping ~*~*~tactically~*~*~ (outnumbered).
  4583 | D:6      | 4583 ||| Stepping ~*~*~tactically~*~*~ (outnumbered).
  4584 | D:6      | 4584 ||| Stepping ~*~*~tactically~*~*~ (outnumbered).
  4585 | D:6      | 4585 ||| Stepping ~*~*~tactically~*~*~ (outnumbered).
  4589 | D:6      | 4589 ||| Stepping ~*~*~tactically~*~*~ (outnumbered).
  4592 | D:6      | 4592 ||| Stepping ~*~*~tactically~*~*~ (outnumbered).
  4593 | D:6      | 4593 ||| Stepping ~*~*~tactically~*~*~ (outnumbered).
  4594 | D:6      | 4594 ||| Stepping ~*~*~tactically~*~*~ (outnumbered).
  4595 | D:6      | 4595 ||| Stepping ~*~*~tactically~*~*~ (outnumbered).
  4596 | D:6      | 4596 ||| Stepping ~*~*~tactically~*~*~ (outnumbered).
  4597 | D:6      | 4597 ||| Stepping ~*~*~tactically~*~*~ (outnumbered).
  4598 | D:6      | 4598 ||| Stepping ~*~*~tactically~*~*~ (outnumbered).
  4599 | D:6      | 4599 ||| Stepping ~*~*~tactically~*~*~ (outnumbered).
  4600 | D:6      | 4600 ||| Stepping ~*~*~tactically~*~*~ (hiding).
  4601 | D:6      | 4601 ||| Stepping ~*~*~tactically~*~*~ (hiding).
  4603 | D:6      | 4603 ||| Stepping ~*~*~tactically~*~*~ (hiding).
  4604 | D:6      | 4604 ||| Stepping ~*~*~tactically~*~*~ (outnumbered).
  4607 | D:6      | 4607 ||| Stepping ~*~*~tactically~*~*~ (hiding).
  4609 | D:6      | 4609 ||| Stepping ~*~*~tactically~*~*~ (hiding).
  4610 | D:6      | 4610 ||| Stepping ~*~*~tactically~*~*~ (hiding).
  4613 | D:6      | 4613 ||| Stepping ~*~*~tactically~*~*~ (outnumbered).
  4614 | D:6      | 4614 ||| Stepping ~*~*~tactically~*~*~ (outnumbered).
  4617 | D:6      | Killed Pikel
  4747 | D:6      | Reached XP level 9. HP: 74/80 MP: 9/9
  4859 | D:6      | 4859 ||| READING scroll labelled WAOH UTIFUU.
  4860 | D:6      | 4860 ||| DRINKING 2 fizzy golden potions.
  4860 | D:6      | Gained mutation: You are somewhat resistant to further
                  | mutation. [potion of mutation]
  4860 | D:6      | Gained mutation: You are weak. (Str -2) [potion of
                  | mutation]
  4895 | D:7      | 4895 ||| PLANNING OSSUARY
  4903 | D:7      | 4903 ||| Stepping ~*~*~tactically~*~*~ (stealth).
  5007 | D:7      | 5007 ||| Stepping ~*~*~tactically~*~*~ (stealth).
  5055 | D:7      | Noticed Maggie
  5064 | D:7      | Killed Maggie
  5065 | D:7      | Reached skill level 9 in Shields
  5110 | D:7      | 5110 ||| Stepping ~*~*~tactically~*~*~ (stealth).
  5111 | D:7      | 5111 ||| Stepping ~*~*~tactically~*~*~ (stealth).
  5112 | D:7      | 5112 ||| Stepping ~*~*~tactically~*~*~ (stealth).
  5277 | D:7      | Found a sand-covered staircase.
  5278 | D:7      | 5278 ||| UPGRADING to +0 acid dragon scales.
  5288 | D:7      | 5288 ||| DROPPING +0 robe.
  5289 | D:7      | 5289 ||| UPGRADING to ring of protection from cold.
  5290 | D:7      | 5290 ||| READING 2 scrolls labelled FIBRUS SIKHLACS.
  5293 | D:7      | 5293 ||| DRINKING 3 fizzy dark potions.
  5294 | D:7      | 5294 ||| READING 2 scrolls of identify.
  5294 | D:7      | 5294 ||| IDENTIFYING silvery potion
  5295 | D:7      | 5295 ||| DROPPING 2 potions of attraction.
  5305 | Ossuary  | Entered an ossuary
  5535 | Ossuary  | 5535 ||| INVOKING Fiery Armour.
  5720 | Ossuary  | 5720 ||| Stepping ~*~*~tactically~*~*~ (stealth).
  5724 | Ossuary  | 5724 ||| Stepping ~*~*~tactically~*~*~ (stealth).
  5910 | Ossuary  | 5910 ||| Stepping ~*~*~tactically~*~*~ (stealth).
  5965 | Ossuary  | Noticed Menkaure
  5972 | Ossuary  | 5972 ||| INVOKING Fiery Armour.
  5972 | Ossuary  | HP: 18/80 [Menkaure (12)]
  5973 | Ossuary  | 5973 ||| READING scroll of teleportation.
  5974 | Ossuary  | Killed Menkaure
  5975 | Ossuary  | Reached skill level 1 in Armour
  6220 | Ossuary  | 6220 ||| READING scroll labelled PUAZ GODUACUMI.
  6221 | Ossuary  | 6221 ||| READING scroll labelled OWUIR ALETZ.
  6222 | Ossuary  | 6222 ||| DRINKING 2 ruby potions.
  6223 | Ossuary  | 6223 ||| READING 3 scrolls of identify.
  6223 | Ossuary  | 6223 ||| IDENTIFYING fuming white potion
  6224 | Ossuary  | 6224 ||| READING 2 scrolls of identify.
  6224 | Ossuary  | 6224 ||| IDENTIFYING metallic white potion
  6225 | Ossuary  | 6225 ||| DROPPING potion of invisibility.
  6230 | D:7      | 6230 ||| PLANNING D:1-11
  6526 | D:7      | Found a runed translucent door.
  6527 | D:7      | Noticed Crazy Yiuf
  6661 | D:7      | Found Tiesk's Jewellery Shoppe.
  6669 | D:7      | 6669 ||| SHOPLISTING +4 ring of evasion (468 gold, have
                  | 307).
  6669 | D:7      | 6669 ||| SHOPLISTING amulet of guardian spirit (390 gold,
                  | have 307).
  6669 | D:7      | 6669 ||| SHOPLISTING amulet of regeneration (390 gold, have
                  | 307).
  6669 | D:7      | 6669 ||| SHOPLISTING amulet of the acrobat (390 gold, have
                  | 307).
  6669 | D:7      | 6669 ||| SHOPLISTING ring of fire (325 gold, have 307).
  6669 | D:7      | 6669 ||| SHOPLISTING ring of ice (325 gold, have 307).
  6750 | D:7      | 6750 ||| DROPPING amulet of magic regeneration.
  6751 | D:7      | 6751 ||| DRINKING 2 puce potions.
  6752 | D:7      | 6752 ||| DROPPING potion of brilliance.
  6820 | D:8      | Found a staircase to the Lair.
  6938 | D:8      | 6938 ||| Stepping ~*~*~tactically~*~*~ (outnumbered).
  6939 | D:8      | 6939 ||| Stepping ~*~*~tactically~*~*~ (outnumbered).
  6940 | D:8      | 6940 ||| Stepping ~*~*~tactically~*~*~ (outnumbered).
  6941 | D:8      | 6941 ||| Stepping ~*~*~tactically~*~*~ (outnumbered).
  6942 | D:8      | 6942 ||| Stepping ~*~*~tactically~*~*~ (outnumbered).
  6943 | D:8      | 6943 ||| Stepping ~*~*~tactically~*~*~ (outnumbered).
  6944 | D:8      | 6944 ||| Stepping ~*~*~tactically~*~*~ (outnumbered).
  6945 | D:8      | 6945 ||| Stepping ~*~*~tactically~*~*~ (outnumbered).
  6947 | D:8      | 6947 ||| Stepping ~*~*~tactically~*~*~ (outnumbered).
  7032 | D:8      | 7032 ||| Stepping ~*~*~tactically~*~*~ (stealth).
  7129 | D:8      | 7129 ||| Stepping ~*~*~tactically~*~*~ (hiding).
  7139 | D:8      | Reached skill level 10 in Shields
  7147 | D:8      | Reached skill level 3 in Fighting
  7225 | D:8      | Found a broken altar of Ashenzari.
  7270 | D:8      | 7270 ||| Stepping ~*~*~tactically~*~*~ (hiding).
  7271 | D:8      | 7271 ||| Stepping ~*~*~tactically~*~*~ (hiding).
  7273 | D:8      | 7273 ||| Stepping ~*~*~tactically~*~*~ (hiding).
  7475 | D:8      | 7475 ||| INVOKING Fiery Armour.
  7526 | D:8      | 7526 ||| PLANNING LAIR
  7561 | Lair:1   | Entered Level 1 of the Lair of Beasts
  7576 | Lair:1   | Reached skill level 9 in Unarmed Combat
  7583 | Lair:1   | Reached XP level 10. HP: 50/91 MP: 10/10
  7671 | Lair:1   | Noticed a five-headed hydra
  7672 | Lair:1   | 7672 ||| INVOKING Fiery Armour.
  7675 | Lair:1   | Killed a six-headed hydra
  7679 | Lair:1   | Reached skill level 11 in Shields
  7734 | Lair:1   | 7734 ||| Stepping ~*~*~tactically~*~*~ (stealth).
  7735 | Lair:1   | 7735 ||| Stepping ~*~*~tactically~*~*~ (stealth).
  7876 | Lair:1   | Noticed a boulder beetle
  7877 | Lair:1   | 7877 ||| INVOKING Fiery Armour.
  7901 | Lair:1   | Killed a boulder beetle
  7968 | Lair:1   | Identified the +5 ring mail of Akir {Rampage SInv}
  8042 | Lair:1   | Noticed a black mamba
  8053 | Lair:1   | 8053 ||| DRINKING 2 potions of cancellation.
  8057 | Lair:1   | 8057 ||| INVOKING Fiery Armour.
  8058 | Lair:1   | Killed a black mamba
  8060 | Lair:1   | HP: 22/91 [poisoned by a black mamba]
  8061 | Lair:1   | 8061 ||| READING 2 scrolls of teleportation.
  8062 | Lair:1   | 8062 ||| DRINKING 2 potions of heal wounds.
  8188 | Lair:1   | 8188 ||| Stepping ~*~*~tactically~*~*~ (stealth).
  8189 | Lair:1   | 8189 ||| Stepping ~*~*~tactically~*~*~ (stealth).
  8208 | Lair:1   | 8208 ||| Stepping ~*~*~tactically~*~*~ (hiding).
  8382 | Lair:2   | 8382 ||| STAIRDANCE
  8406 | Lair:2   | 8406 ||| STAIRDANCE
  8444 | Lair:2   | Noticed a black mamba
  8454 | Lair:2   | 8454 ||| INVOKING Fiery Armour.
  8456 | Lair:2   | Killed a black mamba
  8457 | Lair:2   | HP: 20/91 [poisoned by a black mamba]
  8462 | Lair:2   | HP: 13/91 [poisoned by a black mamba]
  8467 | Lair:2   | HP: 13/91 [poisoned by a black mamba]
  8550 | Lair:2   | Noticed a cane toad
  8572 | Lair:2   | Killed a cane toad
  8640 | Lair:2   | Reached XP level 11. HP: 79/98 MP: 11/11
  8669 | Lair:2   | Found a dark tunnel.
  8679 | Lair:2   | 8679 ||| INVOKING Fiery Armour.
  8797 | Lair:2   | 8797 ||| PLANNING CONVERSION TO OKAWARU
  8954 | D:3      | Fell from the grace of Ignis
  8954 | D:3      | Became a worshipper of Warmaster Okawaru
  8955 | D:3      | 8955 ||| PLANNING LAIR
  8955 | D:3      | 8955 ||| READING scroll labelled GUAGHA ZEPIKI.
  9159 | Lair:2   | Noticed a death yak
  9160 | Lair:2   | 9160 ||| Stepping ~*~*~tactically~*~*~ (stealth).
  9163 | Lair:2   | 9163 ||| Stepping ~*~*~tactically~*~*~ (stealth).
  9173 | Lair:2   | 9173 ||| Stepping ~*~*~tactically~*~*~ (stealth).
  9181 | Lair:2   | 9181 ||| Stepping ~*~*~tactically~*~*~ (outnumbered).
  9184 | Lair:2   | HP: 3/100 [death yak[a torpor snail] (26)]
  9185 | Lair:2   | 9185 ||| READING scroll of teleportation.
  9185 | Lair:2   | Slain by a death yak

Levels and vault maps discovered:
D:1:      amcnicky_arrival_feature_with_door, layout_basic
D:2:      layout_loops_ring
D:3:      layout_rooms, nicolae_overflow_hallway_of_the_gods,
          hellmonk_ecumenical_altar_blasted, serial_shops,
          nicolae_shop_behind_doors, shop, shop, dk_noncrumbling_2
D:4:      layout_basic, minmay_temple_entry_glassed_door
D:5:      layout_layer_cave
D:6:      layout_gridville, guppyfry_shop_venom, uniq_pikel
D:7:      layout_basic, serial_shops, shop, chequers_ossuary_entry_cave,
          uniq_crazy_yiuf_cottage, uniq_maggie
D:8:      layout_basic, ashenzari_altar_1, dpeg_oklobed_lair,
          nrook_loot_triangle
Lair:1:   layout_roguey, grunt_megastairs_1, infiniplex_staircase_pool_2
Lair:2:   layout_concentric_octagons, nicolae_volcano_entry_batcave,
          grunt_megastairs_4

Skill      XL: |  1  2  3  4  5  6  7  8  9 10 11 |
---------------+----------------------------------+-----
Unarmed Combat | 4 5 7 9 10 | 10.6
Shields        | 3 4 5 7 8 10 11 | 11.8
Armour         | 1 |  1.9
Fighting       | 3 4 |  4.0
Dodging        | 2 |  2.1
Spellcasting   | |  1.0
Fire Magic     | |  2.1

Action                   |  1- 3 |  4- 6 |  7- 9 | 10-12 || total
-------------------------+-------+-------+-------+-------++-------
Melee: Unarmed           |    87 |   155 |   337 |   161 ||   740
       Punch             |     1 |       |       |       ||     1
Invok: Fiery Armour      |     1 |     1 |     6 |     5 ||    13
  Use: Scroll            |     2 |     2 |    10 |     3 ||    17
       Potion            |       |     1 |     4 |     2 ||     7
Armor: Robe              |    29 |    35 |    40 |       ||   104
       Acid dragon scale |       |       |    32 |    50 ||    82
Dodge: Dodged            |    36 |    40 |    58 |    29 ||   163
Block: Tower shield      |    13 |    77 |   156 |   149 ||   395

Table legend:
 A = Non-vault XP
 B = Vault XP
 C = Vault XP percentage of total XP
 D = Non-vault monster count
 E = Vault monster count
 F = Vault count percentage of total count
                 A         B        C        D         E       F
            +---------+---------+-------+---------+---------+-------
      Total |    9192 |    3041 |  24.9 |     151 |      66 |  30.4
            +---------+---------+-------+---------+---------+-------
        D:1 |      25 |       0 |   0.0 |      15 |       0 |   0.0
        D:2 |      79 |       0 |   0.0 |      25 |       0 |   0.0
        D:3 |      29 |       0 |   0.0 |      12 |       0 |   0.0
        D:4 |     400 |       0 |   0.0 |      23 |       0 |   0.0
        D:5 |     543 |       0 |   0.0 |       8 |       0 |   0.0
        D:6 |     983 |     771 |  44.0 |      19 |       3 |  13.6
        D:7 |     593 |     365 |  38.1 |      13 |       1 |   7.1
        D:8 |    1018 |       0 |   0.0 |      15 |       0 |   0.0
     Lair:1 |    3668 |     835 |  18.5 |      15 |       4 |  21.1
     Lair:2 |    1854 |     787 |  29.8 |       6 |       4 |  40.0
    Ossuary |       0 |     283 | 100.0 |       0 |      54 | 100.0
            +---------+---------+-------+---------+---------+-------
